 Dungeon Crawl Stone Soup version 0.30.0-16-gbe6223bb7e (webtiles) character file.

Game seed: 12414674767725791979

58648 Peloso the Fencer (level 14, 0/135 HPs)
             Began as a Minotaur Fighter on May 20, 2023.
             Was a High Priest of Okawaru.
             Slain by a meliai simulacrum (8 damage)
             ... on level 14 of the Dungeon.
             The game lasted 00:41:30 (25149 turns).

Peloso the Fencer (Minotaur Fighter)               Turns: 25149, Time: 00:41:30

Health: 0/135      AC: 24    Str: 23    XL:     14   Next: 50%
Magic:  15/15      EV:  9    Int:  5    God:    Okawaru [*****.]
Gold:   1870       SH:  0    Dex: 13    Spells: 13/13 levels left

rFire   . . .        a - +5 double sword (freeze)
rCold   + . .        d - +0 buckler
rNeg    . . .        r - +2 plate armour {rC+}
rPois   .            (helmet restricted)
rElec   .            B - +0 cloak
rCorr   .            (no gloves)
SInv    .            w - +1 pair of boots
Will    ++...        (no amulet) Stlth
                     C - ring of willpower
HPRegen 0.42/turn    (no ring)
MPRegen 0.14/turn

%: no passive effects
@: confused, lethally poisoned (0 -> -1), ambrosia-drunk
A: horns 2, retaliatory headbutt
a: Renounce Religion, Heroism, Finesse, Duel


You were on level 14 of the Dungeon.
You worshipped Okawaru.
Okawaru was extremely pleased with you.
You visited 4 branches of the dungeon, and saw 20 of its levels.

You collected 1870 gold pieces.

Inventory:

Hand Weapons
 a - a +5 double sword of freezing (weapon)
 b - a +3 scimitar of flaming
 c - a +0 double sword
Missiles
 N - 2 throwing nets (quivered)
Armour
 d - a +0 buckler (worn)
 r - a +2 plate armour of cold resistance (worn)
 w - a +1 pair of boots (worn)
 B - a +0 cloak (worn)
 K - +0 acid dragon scales
 M - +0 swamp dragon scales
Jewellery
 i - a ring of fire
 y - an amulet of magic regeneration
 z - a +6 ring of intelligence
 C - a ring of willpower (left hand)
 Y - a ring of see invisible
Wands
 G - a wand of quicksilver (13)
 Q - a wand of polymorph (7)
 S - a wand of mindburst (5)
 T - a wand of flame (21)
 U - a wand of digging (7)
 V - a wand of iceblast (11)
Scrolls
 e - 3 scrolls of amnesia
 f - 2 scrolls of fog
 g - 8 scrolls of teleportation
 j - a scroll of noise
 k - 5 scrolls of poison
 o - 3 scrolls of magic mapping {unknown}
 s - 2 scrolls of torment {unknown}
 u - a scroll of butterflies
 D - 2 scrolls of vulnerability {unknown}
 E - 4 scrolls of immolation
 F - 4 scrolls of fear
 H - a scroll of enchant weapon {unknown}
 I - 2 scrolls of blinking
 L - a scroll of acquirement {unknown}
 P - 2 scrolls of silence {unknown}
 W - 2 scrolls of enchant armour
Potions
 h - 4 potions of might
 l - 2 potions of ambrosia
 m - 5 potions of haste
 q - 2 potions of cancellation
 t - a potion of invisibility {unknown}
 v - 4 potions of brilliance
 x - 3 potions of magic
 A - 2 potions of mutation
 J - 4 potions of lignification {unknown}
 O - a potion of flight {unknown}
 R - 3 potions of degeneration {unknown}
 X - a potion of berserk rage {unknown}
Miscellaneous
 Z - a phantom mirror


   Skills:
 + Level 15.2 Fighting
 + Level 16.6 Long Blades
 + Level 16.5 Armour
 + Level 3.3 Dodging
 + Level 1.7 Stealth
 + Level 12.8 Shields
 + Level 3.2 Invocations
 + Level 1.2 Evocations


You had 13 spell levels left.
You didn't know any spells.
Your spell library contained the following spells:

 Spells                   Type           Power      Damage    Failure   Level
 Lesser Beckoning         Tloc           0%         N/A       100%        2
 Scorch                   Fire           0%         2d5       100%        2
 Dazzling Flash           Conj/Hex       0%         N/A       100%        3
 Gell's Gravitas          Tloc           0%         N/A       100%        3
 Inner Flame              Hex/Fire       0%         N/A       100%        3
 Teleport Other           Tloc           0%         N/A       100%        3
 Vhi's Electric Charge    Tloc/Air       0%         N/A       100%        3
 Flame Wave               Conj/Fire      0%         2d4       100%        4
 Sticky Flame             Conj/Fire      0%         2d3       100%        4
 Agony                    Necr           0%         N/A       100%        5
 Arcjolt                  Conj/Air       0%         1d10      100%        5
 Silence                  Hex/Air        0%         N/A       100%        5
 Dispersal                Tloc           0%         N/A       100%        6
 Plasma Beam              Fire/Air       0%         2x1d11    100%        6
 Summon Cactus Giant      Summ           Unusable   N/A       N/A         6

Dungeon Overview and Level Annotations

Branches:
Dungeon (14/15)            Temple (1/1) D:4            Lair (3/5) D:11
 Shoals (0/4) Lair:3        Snake (0/4) Lair:3          Orc (2/2) D:11
    Elf (0/3) Orc:2        Vaults (0/5) D:13

Altars:
Ashenzari
Cheibriados
Dithmenos
Elyvilon
Fedhas
Gozag
Hepliaklqana
Kikubaaqudgha
Makhleb
Nemelex Xobeh
Okawaru
Qazlal
Ru
Sif Muna
Trog
Uskayaw
Vehumet
Wu Jian
Xom
Yredelemnul
Zin
The Shining One

Shops:
Orc:2 ([**[

Annotations:
D:2 Dig
D:4 3 runed translucent doors, SharpKris's ghost, amateur GnFi
D:8 3 runed translucent doors, ymhsbmbesitwf's ghost, novice HOFi
D:11 4 transporters
Lair:2 2 transporters, Vuupeim's ghost, journeyman FeEE


Innate Abilities, Weirdness & Mutations

You have a pair of horns on your head.
You reflexively headbutt those who attack you in melee.


Message History

Press: ? - help, Dir - move target
Okay, then.
As you read the scroll of teleportation, it crumbles to dust.
You feel strangely unstable.
* * * LOW HITPOINT WARNING * * *
You feel very sick.
You are confused.
You feel invigorated.
* * * LOW HITPOINT WARNING * * *
You feel very sick.
Unknown command.
There is a lethal amount of poison in your body!
Unknown command.
Your surroundings suddenly seem different.
* * * LOW HITPOINT WARNING * * *
You feel very sick.
Unknown command.
* * * LOW HITPOINT WARNING * * *
You feel very sick.
You're too confused to move!
* * * LOW HITPOINT WARNING * * *
You feel very sick.
Unknown command.
A meliai simulacrum comes into view.
You feel less invigorated.
You feel less confused.
You feel sick.
Unknown command.
You feel sick.
You feel sick.
Okay, then.
You are confused.
You feel invigorated.
You feel sick.
Unknown command.
You feel sick.
The meliai simulacrum hits you but does no damage.
The meliai simulacrum hits you.
* * * LOW HITPOINT WARNING * * *
The meliai simulacrum freezes you! You resist.
You die...

#.Z####### ..
#........# #.# #
#........# # .. .#
#.#......#.# #.##.
#.......<..###..#.
#..#####...##...#.
#..#.......>..#).#
#Z.#.##...######.#
#@.............#..
#..#.####..###.##.
##.#.......# #.#..
#....##...# #.#..
####.##.#####.#.#
................#
###.####.####.###
#. #.# #.### #.
#.# #....


You could see a meliai simulacrum.

Vanquished Creatures
  Josephine (Orc:1)
  5 hydras
  A catoblepas (D:13)
  A vault guard (D:13)
  Erica (D:10)
  5 centaur warriors
  8 two-headed ogres
  A boulder beetle (Lair:3)
  A tengu warrior (D:13)
  A death yak (Lair:3)
  Urug (Orc:2)
  Amaemon (D:10)
  A skyshark (Lair:2)
  A fire crab (Lair:3)
  A lindwurm (Lair:3)
  4 orc knights
  4 cyclopes
  An orc sorcerer (Orc:1)
  An ugly thing (D:14)
  5 manticores
  Maurice (D:8)
  8 black mambas
  A torpor snail (Lair:3)
  3 merfolk sirens (Lair:3)
  An elephant (Lair:3)
  3 gargoyles
  Maggie (D:8)
  8 cane toads
  4 rime drakes
  An orange demon (D:10)
  Psyche (D:10)
  An unseen horror (shapeshifter) (D:11)
  7 komodo dragons
  2 merfolk
  3 trolls
  13 blink frogs
  A hornet (D:7)
  A tarantella (shapeshifter) (D:14)
  6 dream sheep (Lair:3)
  16 yaks
  2 shadows
  7 wraiths
  A yak (shapeshifter) (D:9)
  4 basilisks
  8 wyverns
  9 vampire mosquitoes
  A steam dragon (D:6)
  A warg (Orc:1)
  Grum (D:8)
  2 acid dragons
  3 nagas (Lair:3)
  10 water moccasins
  36 orc warriors
  2 ice beasts
  3 black bears
  A sky beast (D:8)
  4 ogres (Orc:2)
  14 centaurs
  11 wolves
  3 phantoms
  4 kobold brigands
  Blork the orc (Temple)
  3 gnoll sergeants
  13 bullfrogs
  5 scorpions
  4 wights (D:6)
  5 killer bees
  3 howler monkeys (D:7)
  2 electric eels (Lair:2)
  2 hounds (D:4)
  3 jellies (D:4)
  14 orc priests
  3 iguanas
  15 orc wizards
  A sleepcap (D:7)
  17 gnolls
  12 adders
  2 shadow imps
  3 ufetubi
  A dart slug (D:1)
  63 orcs
  10 ball pythons
  8 endoplasms
  2 giant cockroaches
  7 goblins
  9 hobgoblins
  3 quokkas
  4 bats
  34 kobolds
  3 rats (D:1)
506 creatures vanquished.

Vanquished Creatures (others)
  A deep elf knight (D:14)
  2 orc wizards (Orc:2)
3 creatures vanquished.

Grand Total: 509 creatures vanquished

Notes
Turn   | Place    | Note
-------+----------+-------------------------------------------
     0 | D:1      | Peloso the Minotaur Fighter began the quest for the Orb.
     0 | D:1      | Reached XP level 1. HP: 19/19 MP: 0/0
   425 | D:1      | Reached XP level 2. HP: 27/27 MP: 1/1
  1158 | D:2      | Reached XP level 3. HP: 33/33 MP: 2/2
  2124 | D:3      | Reached XP level 4. HP: 38/41 MP: 3/3
  2229 | D:3      | Found a white marble altar of Elyvilon.
  2807 | D:4      | Noticed SharpKris's ghost (amateur GnFi)
  2809 | D:4      | Found a runed translucent gate.
  2809 | D:4      | Found a runed translucent gate.
  2811 | D:4      | Found a runed translucent gate.
  2967 | D:4      | Reached XP level 5. HP: 19/47 MP: 4/4
  3145 | D:3      | Reached skill level 5 in Armour
  3317 | D:4      | Reached skill level 5 in Fighting
  3317 | D:4      | Reached XP level 6. HP: 53/56 MP: 5/5
  3351 | D:4      | Reached skill level 5 in Long Blades
  3562 | D:4      | Found a staircase to the Ecumenical Temple.
  3570 | D:4      | Noticed Blork the orc
  3577 | Temple   | Entered the Ecumenical Temple
  3581 | Temple   | Killed Blork the orc
  3582 | Temple   | Reached XP level 7. HP: 29/61 MP: 6/6
  3607 | Temple   | Became a worshipper of Warmaster Okawaru
  3746 | D:4      | Reached skill level 5 in Shields
  3855 | D:4      | Reached skill level 1 in Dodging
  4508 | D:5      | Entered Level 5 of the Dungeon
  4627 | D:5      | Reached * piety under Okawaru
  4707 | D:5      | Reached XP level 8. HP: 70/70 MP: 7/7
  4992 | D:5      | Found an opulent altar of Gozag.
  4994 | D:5      | Found a glowing golden altar of the Shining One.
  4996 | D:5      | Found a hazy altar of Hepliaklqana.
  5480 | D:6      | Found a stormy altar of Qazlal.
  6277 | D:6      | Reached XP level 9. HP: 23/78 MP: 5/8
  7206 | D:7      | Reached skill level 10 in Long Blades
  7653 | D:8      | Reached ** piety under Okawaru
  7665 | D:8      | Reached skill level 1 in Invocations
  7665 | D:8      | Found a runed translucent gate.
  7667 | D:8      | Found a runed translucent gate.
  7668 | D:8      | Found a runed translucent gate.
  7836 | D:8      | Noticed Grum
  7853 | D:8      | Killed Grum
  8000 | D:8      | Reached XP level 10. HP: 76/86 MP: 9/9
  8040 | D:8      | Noticed Maggie
  8057 | D:8      | Killed Maggie
  8132 | D:8      | Noticed Maurice
  8138 | D:8      | Killed Maurice
  8186 | D:8      | Found an ornate altar of the Wu Jian Council.
  8205 | D:8      | Identified the +1 scale mail of the Devil {Harm Int+3
                  | Slay-2}
  8361 | D:8      | Noticed ymhsbmbesitwf's ghost (novice HOFi)
  8377 | D:9      | Noticed a two-headed ogre
  8425 | D:9      | Reached *** piety under Okawaru
  9173 | D:9      | Killed a two-headed ogre
  9174 | D:9      | Reached skill level 10 in Armour
  9514 | D:10     | Entered Level 10 of the Dungeon
  9527 | D:10     | Noticed a gargoyle
  9541 | D:10     | Killed a gargoyle
  9652 | D:10     | Noticed Psyche
  9658 | D:10     | Killed Psyche
  9703 | D:10     | Reached **** piety under Okawaru
 10014 | D:10     | Noticed Erica
 10030 | D:10     | Killed Erica
 10031 | D:10     | Reached XP level 11. HP: 66/95 MP: 10/10
 10087 | D:10     | Reached skill level 1 in Evocations
 10088 | D:10     | Noticed Amaemon
 10091 | D:10     | Found a burning altar of Makhleb.
 10103 | D:10     | Killed Amaemon
 10378 | D:10     | Found a sacrificial altar of Ru.
 10885 | D:11     | Noticed a two-headed ogre
 10892 | D:11     | Killed a two-headed ogre
 10909 | D:11     | Reached ***** piety under Okawaru
 11119 | D:11     | Reached skill level 1 in Stealth
 11350 | D:11     | Found a staircase to the Lair.
 11684 | D:11     | Noticed a two-headed ogre
 11692 | D:11     | Killed a two-headed ogre
 11694 | D:11     | Found a transporter.
 11803 | D:11     | Found a transporter.
 11819 | D:11     | Found a transporter.
 11867 | D:11     | Noticed a two-headed ogre
 11879 | D:11     | Killed a two-headed ogre
 12049 | D:11     | Found a transporter.
 12235 | D:11     | Noticed a two-headed ogre
 12241 | D:11     | Killed a two-headed ogre
 12242 | D:11     | Reached skill level 10 in Fighting
 12347 | D:11     | Found a staircase to the Orcish Mines.
 12348 | D:11     | Noticed a two-headed ogre
 12354 | D:11     | Killed a two-headed ogre
 12354 | D:11     | Identified the +0 chain mail of Understanding {Harm MP+9}
                  | (Okawaru gifted it to you on level 11 of the Dungeon)
 12354 | D:11     | Received a gift from Okawaru
 12355 | D:11     | Reached skill level 10 in Shields
 12580 | Lair:1   | Entered Level 1 of the Lair of Beasts
 12596 | Lair:1   | Reached XP level 12. HP: 95/106 MP: 12/12
 12601 | Lair:1   | Identified the +1 ring mail of Hadjma {Harm rF+ Dex+4}
 14222 | Lair:2   | Noticed a seven-headed hydra
 14223 | Lair:2   | Found a transporter.
 14223 | Lair:2   | Noticed Vuupeim's ghost (journeyman FeEE)
 14225 | Lair:2   | Noticed a death yak
 14240 | Lair:2   | Found a transporter.
 15228 | Lair:3   | Reached skill level 15 in Long Blades
 15396 | Lair:3   | Found a staircase to the Snake Pit.
 15913 | Lair:3   | Identified the +1 chain mail "Uwkio" {-Cast rN+++ Int-5
                  | SInv} (Okawaru gifted it to you on level 3 of the Lair of
                  | Beasts)
 15913 | Lair:3   | Received a gift from Okawaru
 15918 | Lair:3   | Reached XP level 13. HP: 112/119 MP: 14/14
 16531 | Lair:3   | Found a staircase to the Shoals.
 17140 | Lair:3   | Reached skill level 15 in Armour
 17424 | Orc:1    | Entered Level 1 of the Orcish Mines
 17424 | Orc:1    | Noticed Josephine
 17508 | Orc:1    | Killed Josephine
 17671 | Orc:2    | Entered Level 2 of the Orcish Mines
 19665 | Orc:2    | Found Icuerroima's Assorted Antiques.
 19665 | Orc:2    | Found Viujal's General Store.
 19667 | Orc:2    | Found Yraky's Antique Armour Emporium.
 19669 | Orc:2    | Found Ytsukhle's Armour Shop.
 19819 | Orc:2    | Found a staircase to the Elven Halls.
 20186 | Orc:2    | Noticed Urug
 20197 | Orc:2    | Killed Urug
 20852 | Orc:2    | Found Feesm's Weapon Emporium.
 22312 | D:12     | Identified the +5 rapier of Sualyur {antimagic, rC+}
 23292 | Lair:3   | Reached XP level 14. HP: 101/133 MP: 15/15
 23307 | Lair:3   | Received a gift from Okawaru
 23610 | Lair:3   | Received a gift from Okawaru
 24340 | D:13     | Received a gift from Okawaru
 24541 | D:13     | Found a gate to the Vaults.
 25032 | D:14     | Reached skill level 15 in Fighting
 25140 | D:14     | HP: 5/135 [poisoned by a tengu warrior]
 25149 | D:14     | Slain by a meliai simulacrum

Illustrated notes

Levels and vault maps discovered:
D:1:      lemuel_arrival_river_ford, layout_basic
D:2:      layout_basic, chequers_avenue, chequers_serial_rivers_marsh,
          lightli_corner_chamber
D:3:      layout_basic, lemuel_tele_altar
D:4:      minmay_opposing_rooms, layout_loops_ring, minmay_temple_entry_wispy,
          gammafunk_ghost_split, minmay_mini_jars, uniq_blork_the_orc
D:5:      layout_basic, grunt_temple_overflow_open
D:6:      layout_basic, old_standard_altar
D:7:      layout_loops_cross
D:8:      layout_rooms, general_overflow_altar, gammafunk_ghost_spectres,
          uniq_maurice, uniq_maggie, uniq_grum
D:9:      layout_rooms
D:10:     layout_roguey, nicolae_ru_great_annihilating_truth,
          mainiacjoe_overflow_tiny_flanked, uniq_psyche, uniq_amaemon,
          uniq_erica
D:11:     layout_loops_ring, grunt_lair_entry_orc_guard_hut, david_orc_4,
          nicolae_transporter_circle
D:12:     layout_irregular_city, hangedman_fish_farm
D:13:     layout_long_grid, david_vaults_5
D:14:     minmay_the_grid_four_pointed_star_mashed
          [minmay_the_grid_triangle_9x9_windchime,
          minmay_the_grid_triangle_9x9_impossible_snake,
          minmay_the_grid_triangle_9x9_dagger,
          minmay_the_grid_triangle_9x9_subtriangle,
          minmay_the_grid_prize_four_corners], layout_basic,
          nicolae_gozag_cash_rules_everything_around_me
Temple:   eino_temple_lava
Lair:1:   layout_chaotic_city
Lair:2:   layout_roguey, gammafunk_ghost_berserking_beasts,
          chequers_serial_rivers_large_b, minivault_26,
          infiniplex_staircase_pool
Lair:3:   nzn_winding_woodlands_large [nzn_winding_woodlands_5x5_checkerboard,
          nzn_winding_woodlands_5x15_eye, nzn_winding_woodlands_5x5_open_star,
          nzn_winding_woodlands_center_diamonds,
          nzn_winding_woodlands_15x15_killbox,
          nzn_winding_woodlands_center_pierced_h,
          nzn_winding_woodlands_5x5_three,
          nzn_winding_woodlands_5x15_lazy_stream,
          nzn_winding_woodlands_5x5_default], layout_hall_layers,
          elwin_shoals_entry_stream, nicolae_snake_entry_squirm,
          lemuel_fruit_tree
Orc:1:    layout_caves, uniq_josephine
Orc:2:    st_orc_rangers, layout_caves, serial_shops,
          nicolae_shop_bloodbath_and_beyond, uniq_urug

Skill      XL: |  1  2  3  4  5  6  7  8  9 10 11 12 13 14 |
---------------+-------------------------------------------+-----
Armour         | 4 5 6 7 9 11 12 14 15 16 | 16.5
Fighting       | 4 5 6 7 8 10 12 14 15 | 15.2
Long Blades    | 3 4 5 7 9 11 13 14 15 16 | 16.6
Shields        | 4 5 6 7 9 10 11 12 | 12.8
Dodging        | 1 2 3 |  3.3
Invocations    | 1 2 3 |  3.2
Evocations     | 1 |  1.2
Stealth        | 1 |  1.7

Action                     |  1- 3 |  4- 6 |  7- 9 | 10-12 | 13-15 || total
---------------------------+-------+-------+-------+-------+-------++-------
  Melee: Long sword        |    91 |   145 |   347 |   188 |       ||   771
         Headbutt          |     4 |    32 |    83 |   150 |   166 ||   435
         Scimitar          |       |       |       |   514 |   513 ||  1027
         Double sword      |       |       |       |       |   170 ||   170
 Invoke: Heroism           |       |       |    10 |    11 |    13 ||    34
  Evoke: Wand              |       |       |       |    15 |       ||    15
    Use: Potion            |     3 |       |       |       |     8 ||    11
         Scroll            |       |       |     7 |    10 |     6 ||    23
   Stab: Paralysed         |       |       |       |     1 |       ||     1
 Armour: Scale mail        |    44 |       |       |       |       ||    44
         Plate armour      |    16 |   108 |   184 |   348 |   460 ||  1116
  Dodge: Dodged            |    30 |    36 |   102 |   203 |   346 ||   717
  Block: Buckler           |    16 |    41 |    81 |   211 |   302 ||   651
